 Dungeon Crawl Stone Soup version 0.32-a0-921-g04a7ad8e02 (webtiles) character file.

Game seed: 13662917000450064782

215406 prygans the Severer (level 18, -22/171 HPs)
             Began as a Minotaur Fighter on Apr 10, 2024.
             Was a High Priest of Okawaru.
             Annihilated by a merfolk impaler
             ... wielding a +2 antimagic trident
              (28 damage)
             ... on level 3 of the Shoals on Apr 11, 2024.
             The game lasted 03:02:43 (32041 turns).

prygans the Severer (Minotaur Fighter)             Turns: 32041, Time: 03:02:44

Health: -22/171    AC: 38    Str: 28    XL:     18   Next: 33%
Magic:  0/26       EV:  8    Int:  5    God:    Okawaru [*****.]
Gold:   1282       SH: 23    Dex: 13    Spells: 17/17 levels left

rFire   + + .        t - +8 mithril axe "Arga" {speed, Will+}
rCold   + . .        B - +1 tower shield {AC+3}
rNeg    . . .        w - +0 crystal plate armour
rPois   +            x - +0 hat "Itoug" {Will+}
rElec   .            o - scarf of Ennui {rC+ rF+, rCorr Dex+2 SInv Stlth+}
rCorr   +            F - +1 pair of gloves
SInv    +            r - +2 pair of boots
Will    +++..        L - amulet of regeneration Stlth
                     G - ring of poison resistance
HPRegen 1.28/turn    j - ring of protection from fire
MPRegen 0.20/turn

%: no passive effects
@: lethally poisoned (-22 -> -25), about to teleport, heroic, studying Throwing
A: horns 2, retaliatory headbutt
}: 1/15 runes: serpentine
a: Renounce Religion, Heroism, Finesse, Duel


You were on level 3 of the Shoals.
You worshipped Okawaru.
Okawaru was extremely pleased with you.
You visited 5 branches of the dungeon, and saw 28 of its levels.
You visited 1 bazaar.
You also visited: Ice Cave.

You collected 2281 gold pieces.
You spent 999 gold pieces at shops.

Inventory:

Hand Weapons
 f - a +1 broad axe of flaming
 t - the +8 mithril axe "Arga" (weapon) {speed, Will+}
   (Okawaru gifted it to you on level 14 of the Dungeon)

   Will+:     It increases your willpower.
Missiles
 e - 9 boomerangs
 m - 13 javelins
 K - 4 silver javelins (quivered)
 M - 3 throwing nets
Armour
 n - a +2 tower shield of cold resistance
 o - the scarf of Ennui (worn) {rC+ rF+, rCorr Dex+2 SInv Stlth+}
   (You found it on level 2 of the Snake Pit)

   Dex+2:     It affects your dexterity (+2).
   SInv:      It lets you see invisible.
   rCorr:     It protects you from acid and corrosion.
   Stlth+:    It makes you more stealthy.
 r - a +2 pair of boots (worn)
 s - the +1 cloak "Xoter" {rCorr}
   (You acquired it on level 7 of the Dungeon)

   rCorr:     It protects you from acid and corrosion.
 w - a +0 crystal plate armour (worn)
 x - the +0 hat "Itoug" (worn) {Will+}
   (Okawaru gifted it to you on level 14 of the Dungeon)

   Will+:     It increases your willpower.
 y - a scarf of invisibility
 B - a +1 tower shield of protection (worn)
 F - a +1 pair of gloves (worn)
 S - the +1 pair of gloves of Insatiable Hunger {rPois rC- Slay+3}
   (You bought it in a shop in a bazaar)

   Slay+3:    It affects your accuracy & damage with ranged weapons and melee
   (+3).
   rC-:       It makes you vulnerable to cold.
   rPois:     It protects you from poison.
Jewellery
 c - a ring of resist corrosion
 d - a ring of willpower
 h - a ring of flight
 j - a ring of protection from fire (right hand)
 A - a +4 ring of protection
 G - a ring of poison resistance (left hand)
 L - an amulet of regeneration (around neck)
Wands
 a - a wand of digging (2)
 l - a wand of quicksilver (16)
 z - a wand of flame (21)
 E - a wand of polymorph (8)
 R - a wand of roots (14)
 W - a wand of mindburst (16)
Scrolls
 g - 6 scrolls of teleportation
 k - 3 scrolls of immolation
 C - 8 scrolls of identify
 D - 3 scrolls of blinking
 H - a scroll of enchant armour
 I - 4 scrolls of fog
 O - 4 scrolls of revelation
 Q - 7 scrolls of fear
 T - a scroll of silence
 V - a scroll of brand weapon
 X - 2 scrolls of amnesia
Potions
 b - 2 potions of curing
 i - 4 potions of magic
 p - 4 potions of haste
 q - 2 potions of enlightenment
 u - 2 potions of lignification
 v - 8 potions of resistance
 N - a potion of ambrosia
 P - 4 potions of might
 U - 2 potions of heal wounds


   Skills:
 + Level 17.9(22.9) Fighting
 - Level 18.0(23.0) Axes
 + Level 12.6(17.6) Throwing
 + Level 17.8(22.8) Armour
 + Level 17.7(22.7) Shields
 - Level 13.0 Invocations


You had 17 spell levels left.
You didn't know any spells.
Your spell library contained the following spells:

 Spells                   Type           Power      Damage    Failure   Level
 Apportation              Tloc           0%         N/A       99%         1
 Necrotise                Necr           0%         1d4       99%         1
 Slow                     Hex            0%         N/A       99%         1
 Sting                    Conj/Alch      0%         1d3       99%         1
 Ensorcelled Hibernation  Hex/Ice        0%         N/A       100%        2
 Mercury Vapours          Alch/Air       0%         N/A       100%        2
 Static Discharge         Conj/Air       0%         3-3/arc   100%        2
 Confusing Touch          Hex            0%         N/A       100%        3
 Dazzling Flash           Conj/Hex       0%         N/A       100%        3
 Frozen Ramparts          Ice            0%         1d1       100%        3
 Hailstorm                Conj/Ice       0%         3d5       100%        3
 Maxwell's Portable Pile  Tloc           0%         2d(5-13)  100%        3
 Mephitic Cloud           Conj/Alch/Air  0%         N/A       100%        3
 Ozocubu's Armour         Ice            0%         N/A       100%        3
 Passwall                 Erth           0%         N/A       100%        3
 Swiftness                Air            0%         N/A       100%        3
 Vampiric Draining        Necr           0%         2d6       100%        3
 Airstrike                Air            0%         2d(0-16)  100%        4
 Arcjolt                  Conj/Air       0%         1d10      100%        5
 Curse of Agony           Necr           0%         N/A       100%        5
 Freezing Cloud           Conj/Ice/Air   0%         6-21      100%        5
 Lee's Rapid Deconstruct  Erth           0%         3d4*      100%        5
 Metabolic Englaciation   Hex/Ice        0%         N/A       100%        5
 Silence                  Hex/Air        0%         N/A       100%        5
 Permafrost Eruption      Ice/Erth       0%         2x4d1     100%        6
 Maxwell's Capacitive Co  Air            0%         ∞         100%        8
 Fire Storm               Conj/Fire      0%         5d1       100%        9
 Summon Small Mammal      Summ           Unusable   N/A       N/A         1
 Summon Ice Beast         Ice/Summ       Unusable   N/A       N/A         3
 Animate Armour           Summ/Erth      Unusable   N/A       N/A         4
 Martyr's Knell           Necr/Summ      Unusable   N/A       N/A         4
 Summon Lightning Spire   Summ/Air       Unusable   N/A       N/A         4
 Summon Mana Viper        Hex/Summ       Unusable   N/A       N/A         5
 Sculpt Simulacrum        Ice/Alch       Unusable   N/A       N/A         6
 Monstrous Menagerie      Summ           Unusable   N/A       N/A         7

Dungeon Overview and Level Annotations

Branches:
Dungeon (15/15)            Temple (1/1) D:4            Lair (5/5) D:9
 Shoals (3/4) Lair:3        Snake (4/4) Lair:2        Slime (0/5) Lair:5
    Orc (0/2) D:10         Vaults (0/5) D:13         Depths (0/4) D:15
  IceCv (visited)

Altars:
Ashenzari
Cheibriados
Dithmenos
Elyvilon
Fedhas
Gozag
Hepliaklqana
Kikubaaqudgha
Makhleb
Nemelex Xobeh
Okawaru
Qazlal
Ru
Sif Muna
Trog
Uskayaw
Vehumet
Wu Jian
Xom
Yredelemnul
Zin
The Shining One
Jiyva

Shops:
Shoals:1 [   Snake:1 **   Snake:4 (*

Annotations:
D:15 3 runed translucent doors, Gigyvef's ghost, adept NaSh
Lair:2 3 runed translucent doors, Autsider's ghost, journeyman MDSu
Lair:5 1 exclusion
Shoals:1 3 runed translucent doors
Shoals:3 1 transporter, Zyistrirph's ghost, adept CoHu


Innate Abilities, Weirdness & Mutations

You have a pair of horns on your head.
You reflexively headbutt those who attack you in melee.


Message History

You headbutt the merfolk impaler.
The moth of wrath goads the merfolk impaler on!
The merfolk impaler goes berserk!
The moth of wrath goads the merfolk impaler on!
The merfolk impaler goes berserk!
The merfolk impaler hits you with a +2 heavy trident!!!
The merfolk impaler hits you with a +0 trident of venom!!
You block the merfolk impaler's attack.
You feel much better.
You feel sick.
The merfolk impaler hits you with a +0 trident of venom!!
You block the merfolk impaler's attack. x2
The merfolk impaler hits you with a +2 heavy trident!
* * * LOW HITPOINT WARNING * * *
You block the merfolk impaler's attack.
The merfolk impaler hits you but does no damage.
You are more poisoned.
The merfolk impaler hits you from afar with a +2 antimagic trident.
* * * LOW HITPOINT WARNING * * *
You block the merfolk impaler's attack.
You closely miss the merfolk impaler.
The merfolk impaler is severely wounded.
You closely miss the merfolk impaler. x2; You feel sick.
The merfolk impaler hits you with a +2 heavy trident!!
* * * LOW HITPOINT WARNING * * *
You block the merfolk impaler's attack. x3
The merfolk impaler closely misses you. You furiously retaliate!
You headbutt the merfolk impaler.
The merfolk impaler hits you from afar with a +2 antimagic trident!
* * * LOW HITPOINT WARNING * * *
As you read the scroll of teleportation, it crumbles to dust.
You feel strangely unstable.
You feel very sick.
You block the merfolk impaler's attack. x4
The merfolk impaler closely misses you. You furiously retaliate!
You headbutt the merfolk impaler!
The merfolk impaler hits you but does no damage.
The merfolk impaler hits you with a +2 heavy trident!
* * * LOW HITPOINT WARNING * * *
The merfolk impaler hits you from afar with a +2 antimagic trident!!
You die...

≈≈≈≈≈≈~~.~##
#.....##..~~~~~...~~
≈≈≈≈≈~~~~~#
##...###.~~~~~~~~~~~
≈≈≈≈≈~~~~##
≈#.######†~.~~≈≈~~~≈ ~~~.
##!??≈#(.#...~~≈≈≈≈≈≈ .#©
.._!##..#.~.~~≈≈≈≈≈≈ ~ #.?
#...((..#...~~≈≈≈≈≈≈ ~.
#.##≈#Wy..##...~~≈≈≈≈≈≈ ~..
#..##.mmm.#...~~~≈≈≈≈≈≈
~~.. #...@m.##..~~≈≈≈≈≈≈≈≈
~~...###.©.###...~≈≈≈≈≈≈≈≈≈
~~~...~#####....≈≈≈≈≈≈≈≈≈≈≈
~~..~.~~~©....~~~~≈≈≈≈≈≈≈≈≈
~~........~...~...~≈≈≈≈≈≈≈≈
~~~~...~..~.....~...~≈≈≈≈≈≈
~~~~...~~~~..~...~..~~≈≈≈≈≈
≈~~~~.~~~~..>....~~~~≈≈≈
≈≈~~~~~~~~..)###..~~≈≈≈


You could see 4 merfolk impalers, a moth of wrath and Zyistrirph's ghost.

Vanquished Creatures
  Vashnia (Snake:4)
  Nikola (Shoals:3)
  Polyphemus (Shoals:2)
  Frances (D:13)
  Gastronok (Lair:3)
  5 nagarajas
  The ghost of Agruq Axkidd the Earth Mage, a journeyman GrEE of Gozag (D:14)
  A frost giant (IceCv)
  A very ugly thing (D:15)
  Nessos (D:13)
  A dire elephant (Lair:5)
  2 merfolk javelineers (Shoals:3)
  5 merfolk impalers
  An entropy weaver (shapeshifter) (D:15)
  A great orb of eyes (D:15)
  7 salamander tyrants
  3 hydras
  3 merfolk avatars (Shoals:3)
  An ogre mage (D:15)
  9 anacondas
  3 boulder beetles
  3 catoblepae
  A merfolk aquamancer (Shoals:3)
  7 two-headed ogres
  A deep troll shaman (Lair:5)
  The ghost of zyxw121 the Unseen, a journeyman KoBr of Dithmenos (D:10)
  4 centaur warriors
  22 death yaks
  15 naga sharpshooters
  3 tengu warriors
  15 shock serpents
  10 naga warriors
  Sonja (Lair:4)
  10 salamander mystics
  Nergalle (D:12)
  5 skysharks
  An arcanist (D:13)
  9 sea snakes
  11 mana vipers
  An orc knight (D:14)
  6 naga ritualists
  5 lindwurms
  Pikel (D:6)
  3 deep elf pyromancers
  6 harpies
  8 fauns (Shoals:2)
  14 ugly things
  5 cyclopes
  7 manticores
  12 elephants
  17 salamanders
  44 black mambas
  8 merfolk sirens
  14 naga magi
  A water nymph (shapeshifter) (D:13)
  8 guardian serpents
  A gargoyle (D:14)
  11 cane toads
  An ice statue (IceCv)
  2 water nymphs
  A torpor snail (Lair:5)
  A kobold demonologist (D:11)
  6 rime drakes
  9 komodo dragons
  6 trolls
  11 merfolk
  A troll (shapeshifter) (D:13)
  A hornet (D:9)
  7 polar bears
  3 blink frogs (Lair:5)
  2 wind drakes (Shoals:3)
  A snapping turtle (shapeshifter) (D:15)
  7 dream sheep (Lair:5)
  3 snapping turtles
  13 slime creatures
  4 water elementals
  A shadow (D:9)
  2 wraiths (D:12)
  A vampire (D:11)
  47 yaks
  Eustachio (D:6)
  A hog (shapeshifter) (D:14)
  5 basilisks
  A steam dragon (D:8)
  4 wargs
  7 vampire mosquitoes
  Menkaure (D:4)
  25 nagas
  Edmund (D:4)
  An acid dragon (D:14)
  18 water moccasins
  3 orc warriors
  2 laughing skulls (D:15)
  2 centaurs
  An ogre (shapeshifter) (D:13)
  2 lemures (D:6)
  29 wolves
  7 ogres
  2 phantoms
  17 bullfrogs
  A kobold brigand (D:5)
  3 gnoll sergeants
  A cane toad simulacrum (D:12)
  4 scorpions
  A two-headed ogre simulacrum (D:12)
  16 wights
  16 killer bees
  4 howler monkeys
  2 centaur zombies (D:10)
  2 jellies
  2 gnoll boudas
  8 orc priests
  A scrub nettle (Lair:3)
  2 iguanas
  12 orc wizards
  2 spriggan simulacra (D:12)
  A troll simulacrum (D:12)
  2 wolf simulacra (D:12)
  Robin (D:4)
  14 gnolls
  6 adders
  A naga simulacrum (D:12)
  A white imp (D:8)
  2 ufetubi (D:5)
  2 dart slugs
  4 ribbon worms
  38 orcs
  6 endoplasms
  2 giant cockroaches
  18 goblins
  7 hobgoblins
  2 jackals (D:3)
  12 kobolds
  9 quokkas
  6 ball pythons
  10 bats
  3 frilled lizards
  5 rats
831 creatures vanquished.

Vanquished Creatures (others)
  A merfolk (Shoals:3)
1 creature vanquished.

Grand Total: 832 creatures vanquished

Notes
Turn   | Place    | Note
-------+----------+-------------------------------------------
     0 | D:1      | prygans the Minotaur Fighter began the quest for the Orb.
     0 | D:1      | Reached XP level 1. HP: 19/19 MP: 0/0
   234 | D:1      | Reached XP level 2. HP: 27/27 MP: 1/1
   285 | D:1      | Reached skill level 3 in Axes
   671 | D:2      | Reached XP level 3. HP: 24/33 MP: 2/2
   999 | D:2      | Reached XP level 4. HP: 40/40 MP: 3/3
  1419 | D:3      | Reached skill level 4 in Axes
  1805 | D:3      | Reached XP level 5. HP: 47/47 MP: 4/4
  2383 | D:4      | Found a staircase to the Ecumenical Temple.
  2383 | D:4      | Noticed Menkaure
  2492 | D:4      | Killed Menkaure
  2493 | D:4      | Reached skill level 5 in Axes
  2493 | D:4      | Reached XP level 6. HP: 11/55 MP: 5/5
  2597 | Temple   | Entered the Ecumenical Temple
  2810 | D:4      | Reached skill level 5 in Fighting
  2810 | D:4      | Reached skill level 5 in Armour
  2810 | D:4      | Reached skill level 5 in Shields
  3107 | D:4      | Noticed Robin
  3119 | D:4      | Killed Robin
  3120 | D:4      | Reached skill level 6 in Axes
  3182 | D:4      | Reached XP level 7. HP: 48/61 MP: 6/6
  3265 | D:4      | Noticed Edmund
  3278 | D:4      | Killed Edmund
  3443 | D:4      | Found an iron altar of Okawaru.
  3449 | D:4      | Became a worshipper of Warmaster Okawaru
  3648 | D:4      | Found an ancient bone altar of Kikubaaqudgha.
  3894 | D:5      | Entered Level 5 of the Dungeon
  4133 | D:5      | Reached skill level 7 in Axes
  4133 | D:5      | Reached skill level 1 in Invocations
  4156 | D:5      | Found a bloodstained altar of Trog.
  4410 | D:5      | Reached XP level 8. HP: 63/70 MP: 8/8
  5143 | D:6      | Reached * piety under Okawaru
  5272 | D:6      | Noticed Pikel
  5280 | D:6      | Killed Pikel
  5281 | D:6      | Reached skill level 8 in Axes
  5465 | D:6      | Reached ** piety under Okawaru
  5701 | D:6      | Noticed Eustachio
  5728 | D:6      | Killed Eustachio
  5729 | D:6      | Reached XP level 9. HP: 79/79 MP: 10/10
  5748 | D:6      | Reached skill level 9 in Axes
  5905 | D:6      | Found a sacrificial altar of Ru.
  5905 | D:6      | Found a shimmering altar of Xom.
  6212 | D:7      | Identified a scroll of acquirement
  6212 | D:7      | Acquired the +1 cloak "Xoter" {rCorr}
  6359 | D:7      | Noticed a troll
  6364 | D:7      | Killed a troll
  6493 | D:7      | Found a white marble altar of Elyvilon.
  6499 | D:7      | Identified the +1 ring mail of Zyowiych {rF+ rCorr}
  7038 | D:8      | Reached skill level 10 in Axes
  7098 | D:8      | Reached *** piety under Okawaru
  7112 | D:8      | Reached skill level 1 in Throwing
  7195 | D:8      | Reached XP level 10. HP: 16/88 MP: 12/12
  7503 | D:8      | Identified the +1 sling "Fidat" {freeze, Will+}
  7614 | D:8      | Noticed a two-headed ogre
  7630 | D:8      | Killed a two-headed ogre
  7631 | D:8      | Reached skill level 11 in Axes
  7839 | D:9      | Found a staircase to the Lair.
  8014 | D:9      | Found a hide-covered altar of Uskayaw.
  8092 | D:9      | Identified the +6 chain mail of Terrible Contentment {rElec
                  | rC+}
  8097 | D:9      | Found a runed translucent door.
  8097 | D:9      | Noticed a deep elf pyromancer
  8227 | D:9      | Identified the +0 war axe "Transmigrator" {elec, Int+2
                  | Dex+4}
  8564 | D:10     | Entered Level 10 of the Dungeon
  8735 | D:10     | Found a runed translucent gate.
  8735 | D:10     | Found a runed translucent gate.
  8735 | D:10     | Found a runed translucent gate.
  8735 | D:10     | Noticed zyxw121's ghost (journeyman KoBr)
  8738 | D:10     | Found a basalt altar of Yredelemnul.
  8755 | D:10     | Reached **** piety under Okawaru
  8829 | D:10     | Found a stormy altar of Qazlal.
  8831 | D:10     | Found a blossoming altar of Fedhas.
  8925 | D:10     | Found a staircase to the Orcish Mines.
  9099 | D:10     | Noticed a two-headed ogre
  9107 | D:10     | Killed a two-headed ogre
  9108 | D:10     | Reached skill level 12 in Axes
  9488 | D:10     | Noticed a deep elf pyromancer
  9494 | D:10     | Killed a deep elf pyromancer
  9495 | D:10     | Reached XP level 11. HP: 97/97 MP: 10/13
  9607 | D:10     | Found a burning altar of Makhleb.
  9620 | D:10     | Found a hazy altar of Hepliaklqana.
  9621 | D:10     | Found a broken altar of Ashenzari.
  9622 | D:10     | Found a glowing golden altar of the Shining One.
  9862 | D:10     | Upgraded the game from 0.32-a0-918-g0f22ef8d61 to
                  | 0.32-a0-921-g04a7ad8e02
 10088 | Lair:1   | Entered Level 1 of the Lair of Beasts
 10771 | Lair:1   | Reached ***** piety under Okawaru
 11009 | Lair:1   | Noticed a seven-headed hydra
 11412 | Lair:2   | Found a runed translucent gate.
 11413 | Lair:2   | Found a runed translucent gate.
 11414 | Lair:2   | Found a runed translucent gate.
 11414 | Lair:2   | Noticed Autsider's ghost (journeyman MDSu)
 11450 | Lair:2   | Reached skill level 13 in Axes
 11486 | Lair:2   | Reached skill level 10 in Fighting
 11522 | Lair:2   | Reached skill level 10 in Armour
 11535 | Lair:2   | Reached skill level 5 in Invocations
 11535 | Lair:2   | Found a staircase to the Snake Pit.
 12141 | Lair:3   | Reached skill level 10 in Shields
 12226 | Lair:3   | Noticed a skyshark
 12233 | Lair:3   | Killed a skyshark
 12584 | Lair:3   | Received a gift from Okawaru
 12712 | Lair:3   | Noticed a lindwurm
 12724 | Lair:3   | Killed a lindwurm
 12725 | Lair:3   | Reached skill level 14 in Axes
 12725 | Lair:3   | Reached XP level 12. HP: 86/108 MP: 15/15
 12871 | Lair:3   | Found a staircase to the Shoals.
 13241 | Lair:3   | Noticed a death yak
 13250 | Lair:3   | Noticed a death yak
 13251 | Lair:3   | Noticed a death yak
 13253 | Lair:3   | Noticed a death yak
 13255 | Lair:3   | Killed a death yak
 13263 | Lair:3   | Killed a death yak
 13266 | Lair:3   | Noticed Gastronok
 13272 | Lair:3   | Killed a death yak
 13272 | Lair:3   | Received a gift from Okawaru
 13273 | Lair:3   | Killed a death yak
 13285 | Lair:3   | Killed Gastronok
 13894 | Lair:4   | Noticed Sonja
 13901 | Lair:4   | Reached skill level 15 in Axes
 13935 | Lair:4   | Killed Sonja
 14585 | Lair:4   | Received a gift from Okawaru
 14792 | Lair:5   | Entered Level 5 of the Lair of Beasts
 14968 | Lair:5   | Reached XP level 13. HP: 117/117 MP: 17/17
 15152 | Lair:5   | Reached skill level 16 in Axes
 15152 | Lair:5   | Reached XP level 14. HP: 127/127 MP: 18/18
 15472 | Lair:5   | Received a gift from Okawaru
 15634 | Lair:4   | Reached skill level 17 in Axes
 16414 | Lair:5   | Received a gift from Okawaru
 16622 | Lair:5   | Got the Vellum of Collective Burning
 16972 | Lair:5   | Found a staircase to the Slime Pits.
 16978 | Lair:5   | Found a viscous altar of Jiyva.
 17357 | D:9      | Reached skill level 5 in Throwing
 17511 | D:10     | Killed zyxw121's ghost
 17665 | D:11     | Reached skill level 18 in Axes
 17665 | D:11     | Received a gift from Okawaru
 18466 | D:12     | Reached XP level 15. HP: 99/136 MP: 20/20
 18509 | D:12     | Found a frozen archway.
 18747 | IceCv    | Entered an ice cave
 19387 | IceCv    | Received a gift from Okawaru
 19437 | IceCv    | Noticed a frost giant
 19470 | IceCv    | Killed a frost giant
 20366 | D:12     | Noticed Nergalle
 20379 | D:12     | Killed Nergalle
 20855 | D:13     | Noticed Frances
 20869 | D:13     | Killed Frances
 21036 | D:13     | Noticed Nessos
 21065 | D:13     | Killed Nessos
 21065 | D:13     | Received a gift from Okawaru
 21360 | D:13     | Found a gate to the Vaults.
 22138 | D:14     | Found a sacrificial altar of Ru.
 22250 | D:14     | Noticed Agruq Axkidd's ghost (journeyman GrEE)
 22253 | D:14     | Found a runed translucent door.
 22311 | D:14     | Killed Agruq Axkidd's ghost
 22313 | D:14     | Reached ****** piety under Okawaru
 22313 | D:14     | Received a gift from Okawaru
 22354 | D:14     | Acquired the +8 mithril axe "Arga" {speed, Will+}
 22354 | D:14     | Received a gift from Okawaru
 22354 | D:14     | Found the +8 mithril axe "Arga" {speed, Will+}
 22397 | D:14     | Acquired the +0 hat "Itoug" {Will+}
 22397 | D:14     | Received a gift from Okawaru
 22493 | D:15     | Entered Level 15 of the Dungeon
 23052 | D:15     | Received a gift from Okawaru
 23210 | D:15     | Found a runed translucent gate.
 23210 | D:15     | Found a runed translucent gate.
 23211 | D:15     | Found a runed translucent gate.
 23211 | D:15     | Noticed Gigyvef's ghost (adept NaSh)
 23218 | D:15     | Identified the serpent talisman of Beotaf {*Slow rN+++
                  | rCorr Dex+3}
 23602 | D:15     | Reached XP level 16. HP: 132/147 MP: 22/22
 23646 | D:15     | Reached skill level 15 in Fighting
 23646 | D:15     | Reached skill level 10 in Invocations
 23682 | D:15     | Found a staircase to the Depths.
 23928 | Snake:1  | Entered Level 1 of the Snake Pit
 23937 | Snake:1  | Reached skill level 15 in Armour
 24273 | Snake:1  | Reached skill level 15 in Shields
 24717 | Snake:1  | Received a gift from Okawaru
 25117 | Snake:1  | Found Ybbo's General Store.
 25123 | Snake:1  | Found Ozenumas's Specific Store.
 25133 | Snake:1  | Bought a ring of poison resistance for 320 gold pieces
 25133 | Snake:1  | Bought an amulet of regeneration for 480 gold pieces
 25706 | Snake:2  | Received a gift from Okawaru
 26059 | Snake:2  | Found a transporter.
 26240 | Snake:2  | Received a gift from Okawaru
 26279 | Snake:2  | Found a transporter.
 26392 | Snake:2  | Identified the scarf of Ennui {rC+ rF+, rCorr Dex+2 SInv
                  | Stlth+}
 26472 | Snake:3  | Identified the +2 ring mail of Distant Worlds {Regen+ Str+2
                  | Int+2}
 26700 | Snake:3  | Found a transporter.
 26709 | Snake:3  | Found a radiant altar of Vehumet.
 27456 | Snake:3  | Found a transporter.
 27480 | Snake:3  | Received a gift from Okawaru
 27567 | Snake:3  | Identified the +2 robe "Feylyme" {Stlth+ Archmagi}
 27627 | Snake:4  | Entered Level 4 of the Snake Pit
 27639 | Snake:4  | Reached XP level 17. HP: 159/159 MP: 24/24
 27681 | Snake:4  | Found Xovumaowy's General Store.
 27714 | Snake:4  | Found Hegeoxox's Antique Weapon Shoppe.
 27780 | Snake:4  | Found a flickering gateway to a bazaar.
 27789 | Bazaar   | Entered a bazaar
 27802 | Bazaar   | Found Dopufoota's Antique Weapon Emporium.
 27813 | Bazaar   | Found Eniojoynk's Antique Weapon Shoppe.
 27829 | Bazaar   | Found Heukeysi's Antique Armour Emporium.
 27840 | Bazaar   | Found Wifuyst's Antique Armour Shoppe.
 27870 | Bazaar   | Bought a pair of shimmering gloves for 199 gold pieces
 27870 | Bazaar   | Identified the +1 pair of gloves of Insatiable Hunger
                  | {rPois rC- Slay+3} (You bought it in a shop in a bazaar)
 28338 | Snake:4  | Received a gift from Okawaru
 28604 | Snake:4  | Noticed Vashnia
 28631 | Snake:4  | Killed Vashnia
 28785 | Snake:4  | Reached skill level 10 in Throwing
 28952 | Snake:4  | Received a gift from Okawaru
 29418 | Snake:4  | Received a gift from Okawaru
 29424 | Snake:4  | Got a serpentine rune of Zot
 29753 | Shoals:1 | Entered Level 1 of the Shoals
 29860 | Shoals:1 | Found a runed translucent gate.
 29861 | Shoals:1 | Found a runed translucent gate.
 29862 | Shoals:1 | Found a runed translucent gate.
 30081 | Shoals:1 | Found Ytasasam's Armour Emporium.
 30574 | Shoals:2 | Noticed Polyphemus
 30605 | Shoals:2 | Killed Polyphemus
 30837 | Shoals:2 | Reached XP level 18. HP: 164/170 MP: 26/26
 31190 | Shoals:3 | Noticed Nikola
 31343 | Shoals:3 | Received a gift from Okawaru
 31667 | Shoals:3 | Killed Nikola
 31856 | Shoals:3 | Found a transporter.
 31862 | Shoals:3 | Found a bloodstained altar of Trog.
 31864 | Shoals:3 | Noticed Zyistrirph's ghost (adept CoHu)
 31998 | Shoals:3 | Found a transporter.
 32041 | Shoals:3 | HP: 6/171 [merfolk impaler/+2 heavy trident (8)]
 32041 | Shoals:3 | Annihilated by a merfolk impaler

Illustrated notes

Levels and vault maps discovered:
D:1:      mrwooster_arrival_arrow, layout_rooms
D:2:      layout_rooms
D:3:      layout_basic
D:4:      layout_gridville, mainiacjoe_overflow_alcove_1,
          lemuel_coloured_pillars_altar, minmay_temple_entry_statues_fountains,
          serial_glass, glass_columns_c, glass_columns_c, feat_on_display,
          item_on_display_a, item_on_display_a, uniq_menkaure, uniq_edmund,
          uniq_robin
D:5:      layout_cave_pods, trog_butcher_becter, wad_floor_pattern_untrapped,
          chequers_decorated_corner, nicolae_letterblocks
          [nicolae_letter_subblock, nicolae_letter_subblock,
          nicolae_letter_subblock, nicolae_letter_subblock,
          nicolae_letter_subblock, nicolae_letter_subblock,
          nicolae_letter_subblock, nicolae_letter_subblock,
          nicolae_letter_subblock, nicolae_letter_subblock,
          nicolae_letter_subblock, nicolae_letter_subblock,
          nicolae_letter_subblock, nicolae_letter_subblock,
          nicolae_letter_subblock, nicolae_letter_subblock,
          nicolae_letter_subblock, nicolae_letter_subblock,
          nicolae_letter_subblock, nicolae_letter_subblock,
          nicolae_letter_subblock, nicolae_letter_subblock,
          nicolae_letter_subblock, nicolae_letter_subblock,
          nicolae_letter_subblock]
D:6:      layout_loops_corners, gammafunk_temple_overflow_statue, uniq_pikel,
          uniq_eustachio
D:7:      layout_basic, elyvilon_altar_5
D:8:      layout_gridville
D:9:      layout_basic, mainiacjoe_overflow_surrounded_room, dpeg_oklobed_lair,
          minmay_st_funbox
D:10:     layout_small_grid, grunt_temple_overflow_forces_of_nature,
          nicolae_yredelemnul_ghost_church, minitemple, david_orc_1_choice,
          guppyfry_early_elven_hall
D:11:     layout_irregular_city, st_stairs_13
D:12:     layout_long_grid, portal_ice_cave_entry_ice_simulacra,
          chequers_serial_rivers_micro_c, uniq_nergalle
D:13:     layout_basic, david_vaults_2, uniq_frances, uniq_nessos
D:14:     layout_rooms, hellmonk_ghost_happy_afterlife, nicolae_ru_path_of_blood
D:15:     gammafunk_enter_depths_forms, layout_stronghold,
          gammafunk_ghost_hydra_chop, hangedman_abyss_or_decor_stabs
Temple:   nicolae_temple_ecumenical_triangle
Lair:1:   cheibrodos_lair_river_kwai, layout_regular_city, serial_bayou_shore_a,
          infiniplex_staircase_pool_2
Lair:2:   layout_cave_shapes, minmay_snake_entry_guardpost_large,
          ebering_ghost_rock_garden
Lair:3:   layout_regular_city, nicolae_shoals_entry_roost, evilmike_ambush
          [evilmike_ambush_outer_pillars, evilmike_ambush_inner_pond],
          grunt_megastairs_5, uniq_gastronok
Lair:4:   layout_long_grid, uniq_sonja
Lair:5:   grunt_lair_end_beastmaster, layout_cave_shapes,
          dpeg_slime_entry_corner, grunt_megastairs_4
Shoals:1: layout_shoals, serial_shops, nicolae_lakefront_shop,
          nicolae_shoals_beach_cooler
Shoals:2: layout_shoals, uniq_polyphemus
Shoals:3: layout_shoals, serial_shops, shop, gammafunk_ghost_wrathful_warriors,
          uniq_nikola
Snake:1:  layout_grid_maze, st_stairs_7, nicolae_snake_single_loop,
          nicolae_specific_store, grunt_ministairs_6, nicolae_snake_squiggles,
          nicolae_snake_guarding_the_ruins
Snake:2:  gammafunk_the_bubble [the_bubble_gammafunk_crates],
          layout_misc_corridors
Snake:3:  gammafunk_sealed_library, layout_onion_interference,
          serial_library_regret_index_multi
Snake:4:  snake_pit_salamanders_mu, layout_concentric_octagons, serial_shops,
          bzr_entry_customers, minmay_shop_star, uniq_vashnia

Skill      XL: |  1  2  3  4  5  6  7  8  9 10 11 12 13 14 15 16 17 18 |
---------------+-------------------------------------------------------+-----
Axes           | 3 4 5 6 7 8 10 12 14 15 16 18 | 18.0
Fighting       | 4 5 6 7 8 9 10 11 12 13 14 16 17 | 17.9
Armour         | 4 5 6 7 8 9 10 11 12 13 14 16 17 | 17.8
Shields        | 4 5 6 7 8 9 10 11 12 13 14 16 17 | 17.7
Invocations    | 1 3 4 5 7 8 9 11 12 13 | 13.0
Throwing       | 1 4 5 7 8 11 12 | 12.6

Action                     |  1- 3 |  4- 6 |  7- 9 | 10-12 | 13-15 | 16-18 || total
---------------------------+-------+-------+-------+-------+-------+-------++-------
  Melee: War axe           |    72 |    99 |   251 |   430 |   225 |       ||  1077
         Headbutt          |     9 |    10 |    39 |    92 |   239 |   267 ||   656
         Broad axe         |       |       |       |       |   580 |  1100 ||  1680
  Throw: Stone             |    21 |    14 |    15 |    42 |       |       ||    92
         Dart              |       |     4 |     6 |    17 |    19 |       ||    46
         Boomerang         |       |       |    10 |    49 |    30 |   156 ||   245
         Javelin           |       |       |       |     1 |    11 |    16 ||    28
 Invoke: Heroism           |       |       |     4 |    10 |     9 |    11 ||    34
         Receive Weapon    |       |       |       |       |     1 |       ||     1
         Receive Armour    |       |       |       |       |     1 |       ||     1
         Finesse           |       |       |       |       |       |     2 ||     2
  Evoke: Wand              |       |       |       |    11 |     8 |       ||    19
    Use: Scroll            |     2 |     5 |    11 |    10 |     7 |     5 ||    40
         Potion            |       |     1 |     2 |     3 |     3 |     6 ||    15
   Stab: Petrified         |       |       |       |       |     5 |    10 ||    15
         Petrifying        |       |       |       |       |     3 |     4 ||     7
 Armour: Scale mail        |    64 |    50 |    72 |       |       |       ||   186
         Plate armour      |       |       |   167 |   149 |       |       ||   316
         Chain mail        |       |       |       |   189 |   297 |       ||   486
         Skin              |       |       |       |     8 |       |       ||     8
         Crystal plate arm |       |       |       |       |   173 |   705 ||   878
  Dodge: Dodged            |    27 |    25 |    83 |   117 |   123 |    85 ||   460
  Block: Buckler           |    23 |     2 |       |       |       |       ||    25
         Kite shield       |       |    36 |   149 |   312 |   244 |       ||   741
         Tower shield      |       |       |       |       |   244 |   904 ||  1148

Table legend: (Time is in decaauts)
 A = Elapsed time spent in this place.
 B = Non-inter-level travel time spent in this place.
 C = Inter-level travel time spent in this place.
 D = Time resting spent in this place.
 E = Time spent auto-exploring this place.
 F = Levels seen in this place.
 G = Mean time per level.
                   A        B        C        D        E       F      G
               +--------+--------+--------+--------+--------+-----+--------+
         Total |  31840 |  30146 |   1694 |   4530 |  17361 |  30 | 1061.3 |
       Dungeon |  15820 |  14972 |    848 |   1888 |   9139 |  15 | 1054.7 |
        Temple |     74 |     66 |      8 |      0 |      0 |   1 |   74.0 |
          Lair |   7217 |   6742 |    475 |   1446 |   3471 |   5 | 1443.4 |
        Shoals |   2322 |   2287 |     35 |    245 |   1382 |   3 |  774.0 |
     Snake Pit |   5289 |   4962 |    327 |    950 |   2687 |   4 | 1322.2 |
        Bazaar |     91 |     91 |      0 |      0 |     13 |   1 |   91.0 |
      Ice Cave |   1024 |   1024 |      0 |      0 |    668 |   1 | 1024.0 |
               +--------+--------+--------+--------+--------+-----+--------+

Top non-repeatable levels by time:
  Lair:5: 1968 daAuts
 Snake:4: 1702 daAuts
  Lair:3: 1678 daAuts
    D:10: 1593 daAuts
 Snake:1: 1551 daAuts
     D:4: 1408 daAuts
     D:9: 1311 daAuts
     D:3: 1296 daAuts
  Lair:4: 1294 daAuts
  Lair:1: 1242 daAuts
     D:6: 1224 daAuts
    D:15: 1221 daAuts
    D:12: 1195 daAuts
     D:5: 1175 daAuts
 Snake:3: 1163 daAuts
